 Dungeon Crawl Stone Soup version 0.29-a0-472-ge5599a681e (webtiles) character file.

Game seed: 16692790738138757466

3136 xian the Slasher (level 9, -2/79 HPs)
             Began as a Minotaur Fighter on May 22, 2022.
             Was an Initiate of Gozag.
             Killed from afar by an electric eel (8 damage)
             ... with a bolt of electricity
             ... on level 8 of the Dungeon.
             The game lasted 00:20:26 (7614 turns).

xian the Slasher (Minotaur Fighter)                 Turns: 7614, Time: 00:20:28

Health: -2/79      AC: 16    Str: 24    XL:     9   Next: 61%
Magic:  8/8        EV: 10    Int: 10    God:    Gozag
Gold:   339        SH:  9    Dex: 11    Spells: 8/8 levels left

rFire   . . .      SeeInvis .   a - +1 short sword (elec)
rCold   . . .      Faith    .   x - +0 kite shield
rNeg    . . .      Spirit   .   q - +7 ring mail "Urphikenn" {Int+5}
rPois   .          Reflect  .   (helmet restricted)
rElec   .          Harm     .   p - +0 cloak
rCorr   .          Rampage  .   (no gloves)
Will    .....                   y - +0 pair of boots
Stlth   +.........              (no amulet)
HPRegen 0.23/turn               (no ring)
MPRegen 0.11/turn               (no ring)

@: no status effects
A: horns 2, retaliatory headbutt
a: Renounce Religion, Potion Petition, Call Merchant, Bribe Branch


You were on level 8 of the Dungeon.
You worshipped Gozag.
Gozag was aware of your devotion.
You visited 2 branches of the dungeon, and saw 9 of its levels.

You collected 480 gold pieces.
You paid 141 gold pieces to Gozag.

Inventory:

Hand Weapons
 a - a +1 short sword of electrocution (weapon)
Missiles
 k - 14 poisoned darts (quivered)
 z - a curare-tipped dart
Armour
 p - a +0 cloak (worn)
 q - the +7 ring mail "Urphikenn" (worn) {Int+5}
   (You took it off a hobgoblin on level 3 of the Dungeon)

   Int:       It affects your intelligence (+5).
 x - a +0 kite shield (worn)
 y - a +0 pair of boots (worn)
Jewellery
 A - a ring of willpower
Wands
 b - a wand of digging (12)
 B - a wand of polymorph (9)
Scrolls
 d - a scroll of immolation {unknown}
 f - a scroll of noise
 g - a scroll of vulnerability {unknown}
 h - 4 scrolls of enchant weapon
 j - 3 scrolls of poison
 l - 2 scrolls of amnesia
 m - a scroll of fear {unknown}
 n - a scroll of blinking {unknown}
 o - a scroll of silence {unknown}
 w - 4 scrolls of teleportation
Potions
 c - 2 potions of might
 e - a potion of curing
 i - a potion of attraction {unknown}
 r - a potion of heal wounds {unknown}
 s - a potion of mutation {unknown}
 t - 2 potions of degeneration
 u - a potion of berserk rage {unknown}
 v - a potion of ambrosia {unknown}


   Skills:
 + Level 7.1 Fighting
 + Level 7.1(8.6) Short Blades
 + Level 7.9(9.4) Long Blades
 + Level 0.6 Throwing
 + Level 7.3 Armour
 + Level 4.2 Dodging
 + Level 1.2 Stealth
 + Level 6.8 Shields


You had 8 spell levels left.
You didn't know any spells.
Your spell library contained the following spells:

 Spells                   Type           Power      Damage    Failure   Level
 Beastly Appendage        Tmut           0%         N/A       82%         1
 Magic Dart               Conj           0%         1d3       82%         1
 Summon Small Mammal      Summ           0%         N/A       82%         1
 Call Imp                 Summ           0%         N/A       91%         2
 Wereblood                Tmut           0%         N/A       91%         2
 Call Canine Familiar     Summ           0%         N/A       99%         3
 Gell's Gravitas          Tloc           0%         N/A       99%         3
 Inner Flame              Hex/Fire       0%         N/A       99%         3
 Mephitic Cloud           Conj/Pois/Air  0%         N/A       99%         3
 Spider Form              Tmut/Pois      0%         N/A       99%         3
 Summon Guardian Golem    Hex/Summ       0%         N/A       99%         3
 Teleport Other           Tloc           0%         N/A       99%         3
 Cause Fear               Hex            0%         N/A       100%        4
 Fireball                 Conj/Fire      0%         3d3       100%        5
 Dispersal                Tloc           0%         N/A       100%        6
 Starburst                Conj/Fire      0%         6d3       100%        6
 Discord                  Hex            0%         N/A       100%        8
 Ignition                 Fire           0%         3d3       100%        8


Dungeon Overview and Level Annotations

Branches:
Dungeon (8/15)             Temple (1/1) D:7
   Lair: D:8-11

Altars:
Ashenzari
Cheibriados
Dithmenos
Elyvilon
Fedhas
Gozag
Hepliaklqana
Kikubaaqudgha
Makhleb
Nemelex Xobeh
Okawaru
Qazlal
Ru
Sif Muna
Uskayaw
Vehumet
Wu Jian
Xom
Yredelemnul
Zin
The Shining One

Shops:
D:2 (


Innate Abilities, Weirdness & Mutations

You have a pair of horns on your head.
You reflexively headbutt those who attack you in melee.


Message History

The basilisk gazes at you. You resist with some effort.
The electric eel shoots out a bolt of lightning at you!
The bolt of electricity hits you! The basilisk gazes at you. x2
You resist with some effort.
The electric eel shoots out a bolt of lightning at you!
The bolt of electricity hits you!
The electric eel shoots out a bolt of lightning at you!
The bolt of electricity hits you.
The electric eel shoots out a bolt of lightning at you!
The bolt of electricity hits you but does no damage.
The electric eel shoots out a bolt of lightning at you!
The bolt of electricity hits you!
The electric eel shoots out a bolt of lightning at you!
The bolt of electricity hits you.
The electric eel shoots out a bolt of lightning at you!
The bolt of electricity hits you!
The electric eel shoots out a bolt of lightning at you!
The bolt of electricity hits you!
You turn to flesh and can move again.
The electric eel shoots out a bolt of lightning at you!
The bolt of electricity hits you.
The electric eel shoots out a bolt of lightning at you!
The bolt of electricity hits you.
The electric eel shoots out a bolt of lightning at you!
The bolt of electricity misses you.
The electric eel shoots out a bolt of lightning at you!
The bolt of electricity hits you! x2
* * * LOW HITPOINT WARNING * * *
The electric eel shoots out a bolt of lightning at you!
The bolt of electricity hits you!
* * * LOW HITPOINT WARNING * * *
The electric eel shoots out a bolt of lightning at you!
The bolt of electricity hits you.
* * * LOW HITPOINT WARNING * * *
The electric eel shoots out a bolt of lightning at you!
The bolt of electricity hits you!
You die...
Your body crumbles into a pile of gold.

#...#
####...####
.........#
........#
...... . #...#
..######...####
#.......@<....#
.....$.....##.#
............#
.....$......#
.....SS.......#
....≈≈≈S......#
...≈≈≈l≈.....##
..≈≈≈.(≈.....#
.≈≈..>.≈.....#


You could see a basilisk and 3 electric eels.

Vanquished Creatures
  Pikel (D:6)
  Maggie (D:6)
  A wyvern (D:6)
  2 steam dragons (D:7)
  Menkaure (D:6)
  3 ice beasts
  2 sky beasts
  3 ogres
  2 black bears
  A lemure (D:6)
  A centaur (D:6)
  A kobold brigand (D:7)
  3 bullfrogs
  3 scorpions
  2 hounds
  4 orc priests
  2 iguanas (D:5)
  An orc wizard (D:3)
  8 adders
  A shadow imp (D:6)
  2 white imps
  3 ufetubi
  4 worms
  2 dart slugs
  20 orcs
  3 ball pythons
  11 endoplasms
  3 giant cockroaches
  6 goblins
  4 hobgoblins
  8 bats
  2 frilled lizards
  15 kobolds
  6 rats
132 creatures vanquished.

Notes
Turn   | Place    | Note
-------+----------+-------------------------------------------
     0 | D:1      | xian the Minotaur Fighter began the quest for the Orb.
     0 | D:1      | Reached XP level 1. HP: 19/19 MP: 0/0
   264 | D:1      | Reached XP level 2. HP: 27/27 MP: 1/1
  1040 | D:2      | Found a faded altar of an unknown god.
  1237 | D:2      | Found Ijischyte's Antique Weapon Emporium.
  1264 | D:2      | Reached XP level 3. HP: 33/33 MP: 2/2
  2074 | D:3      | Reached XP level 4. HP: 41/41 MP: 3/3
  2213 | D:3      | Noticed an ogre
  2218 | D:3      | Killed an ogre
  2219 | D:3      | Reached XP level 5. HP: 18/47 MP: 4/4
  2551 | D:3      | Reached skill level 5 in Armour
  2551 | D:3      | Reached skill level 1 in Dodging
  2705 | D:3      | Identified the +7 ring mail "Urphikenn" {Int+5}
  3086 | D:4      | Noticed an ogre
  3094 | D:4      | Killed an ogre
  3095 | D:4      | Reached skill level 5 in Fighting
  3095 | D:4      | Reached skill level 5 in Long Blades
  3095 | D:4      | Reached XP level 6. HP: 30/56 MP: 5/5
  3646 | D:4      | Reached XP level 7. HP: 45/61 MP: 6/6
  4177 | D:5      | Entered Level 5 of the Dungeon
  4312 | D:5      | Reached skill level 5 in Shields
  4414 | D:5      | Reached skill level 1 in Short Blades
  5077 | D:6      | Noticed a wyvern
  5091 | D:6      | Reached XP level 8. HP: 69/69 MP: 7/7
  5217 | D:6      | Found a hazy altar of Hepliaklqana.
  5222 | D:6      | Found an iron altar of Okawaru.
  5232 | D:6      | Noticed Maggie
  5243 | D:6      | Killed Maggie
  5532 | D:6      | Noticed Pikel
  5549 | D:6      | Killed Pikel
  5550 | D:6      | Reached skill level 5 in Short Blades
  5550 | D:6      | Reached XP level 9. HP: 55/78 MP: 8/8
  5720 | D:6      | Noticed Menkaure
  5732 | D:6      | Killed Menkaure
  6130 | D:6      | Reached skill level 1 in Stealth
  6550 | D:7      | Found a stormy altar of Qazlal.
  6810 | D:7      | Found a staircase to the Ecumenical Temple.
  6815 | Temple   | Entered the Ecumenical Temple
  6920 | Temple   | Became a worshipper of Gozag Ym Sagoz the Greedy
  7614 | D:8      | Killed from afar by an electric eel

Illustrated notes

Levels and vault maps discovered:
D:1:      minmay_arrival_doors, layout_rooms
D:2:      layout_loops_corners, serial_glass, glass_columns_a, glass_columns_b,
          serial_shops, shop, ebering_ecumenical_altar_rust
D:3:      layout_basic, minmay_increasing_density
D:4:      layout_gridville
D:5:      layout_gridville
D:6:      layout_rooms, nicolae_overflow_squiral, kennysheep_potato,
          uniq_maggie, uniq_menkaure, uniq_pikel
D:7:      layout_cave_pools, nicolae_qazlal_general_emergency, temple_doors_ab,
          chequers_decorated_corner
D:8:      layout_loops_corners, minmay_misc_feat_more_columns, disabler_island,
          uniq_erica
Temple:   mainiacjoe_temple_coin_purse

Skill      XL: |  1  2  3  4  5  6  7  8  9 |
---------------+----------------------------+-----
Fighting       | 4 5 6 7 |  7.1
Armour         | 4 5 6 7 |  7.3
Shields        | 4 5 6 |  6.8
Long Blades    | 3 5 6 7 |  7.9
Dodging        | 1 2 3 4 |  4.2
Short Blades   | 1 5 7 |  7.1
Stealth        | 1 |  1.2
Throwing       | |  0.6

Action                   |  1- 3 |  4- 6 |  7- 9 || total
-------------------------+-------+-------+-------++-------
Melee: Long sword        |    88 |   127 |     6 ||   221
       Headbutt          |    13 |    19 |    34 ||    66
       Short sword       |       |       |   210 ||   210
Throw: Dart              |       |       |     2 ||     2
  Use: Potion            |       |     1 |       ||     1
       Scroll            |       |     4 |     3 ||     7
Armor: Scale mail        |    73 |    28 |       ||   101
       Ring mail         |       |    53 |    96 ||   149
Dodge: Dodged            |    60 |    62 |    83 ||   205
Block: Buckler           |    33 |    33 |     9 ||    75
       Kite shield       |       |       |    62 ||    62

Table legend: (Time is in decaauts)
 A = Elapsed time spent in this place.
 B = Non-inter-level travel time spent in this place.
 C = Inter-level travel time spent in this place.
 D = Time resting spent in this place.
 E = Time spent auto-exploring this place.
 F = Levels seen in this place.
 G = Mean time per level.
                   A        B        C        D        E       F      G
               +--------+--------+--------+--------+--------+-----+--------+
         Total |   7651 |   7351 |    300 |    924 |   4676 |   9 |  850.1 |
       Dungeon |   7497 |   7208 |    289 |    924 |   4623 |   8 |  937.1 |
        Temple |    154 |    143 |     11 |      0 |     53 |   1 |  154.0 |
               +--------+--------+--------+--------+--------+-----+--------+

Top non-repeatable levels by time:
     D:6: 1592 daAuts
     D:3: 1439 daAuts
     D:4: 1112 daAuts
     D:5: 891 daAuts
     D:2: 848 daAuts
     D:1: 830 daAuts
     D:7: 768 daAuts
  Temple: 154 daAuts
     D:8: 14 daAuts
